 Dungeon Crawl Stone Soup version 0.21.0-25-ge575cb9 (webtiles) character file.

99 loljkpro the Magician (level 4, 0/21 HPs)
             Began as a Spriggan Enchanter on Jan 25, 2018.
             Succumbed to Setanta's ghost's poison
             ... on level 3 of the Dungeon.
             The game lasted 00:08:36 (3629 turns).

loljkpro the Magician (Spriggan Enchanter)          Turns: 3629, Time: 00:08:37

Health: 0/21       AC:  2    Str:  5    XL:     4   Next: 45%
Magic:  11/12      EV: 24    Int: 21    God:
Gold:   106        SH:  0    Dex: 21    Spells: 7/13 levels left

rFire    . . .     SeeInvis +   a - +1 dagger
rCold    . . .     Gourm    .   (shield restricted)
rNeg     . . .     Faith    .   b - +0 robe
rPois    .         Spirit   .   (helmet restricted)
rElec    .         Reflect  .   (no cloak)
rCorr    .         Harm     .   (gloves unavailable)
MR       .....                  (boots unavailable)
Stlth    ++++......             (no amulet)
HPRegen  0.07/turn              (no ring)
MPRegen  0.13/turn              (no ring)

@: brilliant, agile, lethally poisoned (0 -> -5), very quick
A: very small, unfitting armour, see invisible, herbivore, speed 3, slow
metabolism 2
a: no special abilities


You were on level 3 of the Dungeon.
You were very hungry.

You visited 1 branch of the dungeon, and saw 3 of its levels.

You collected 106 gold pieces.

Inventory:

Hand Weapons
 a - a +1 dagger (weapon)
 i - a cursed -2 spear
Missiles
 q - 63 stones (quivered)
Armour
 b - a +0 robe (worn)
Jewellery
 m - an uncursed ring of see invisible {unknown}
 p - a +2 ring of evasion {unknown}
Scrolls
 e - 2 scrolls of identify {unknown}
 f - a scroll of enchant armour {unknown}
 g - 2 scrolls of blinking {unknown}
 h - 2 scrolls of teleportation {unknown}
 l - 2 scrolls of remove curse {unknown}
 n - 2 scrolls of amnesia {unknown}
 o - a scroll of noise {unknown}
 r - a scroll of magic mapping {unknown}
Potions
 j - 2 potions of brilliance
Books
 c - a book of Maledictions

   Spells                             Type                      Level
   a - Corona                         Hexes                        1
   b - Ensorcelled Hibernation        Hexes/Ice                    2
   c - Confuse                        Hexes                        3
   d - Tukima's Dance                 Hexes                        3
   e - Dazzling Spray                 Conjuration/Hexes            3
Comestibles
 d - 4 rations


   Skills:
 + Level 2.2 Short Blades
 - Level 3.0 Dodging
 - Level 4.4 Stealth
 - Level 5.1 Spellcasting
 - Level 4.0 Hexes


You had 7 spell levels left.
You knew the following spells:

 Your Spells              Type           Power        Failure   Level  Hunger
a - Corona                Hex            ####...      1%          1    None
c - Confuse               Hex            ####....     1%          3    ##.....
i - Ensorcelled Hibernat  Hex/Ice        ####..       1%          2    None


Dungeon Overview and Level Annotations

Branches:
Dungeon (3/15)

Altars:

Annotations:
D:3 Setanta's ghost, amateur DgFi


Innate Abilities, Weirdness & Mutations

You are very small and have problems with some larger weapons.
You are too small for most types of armour.
You have supernaturally acute eyesight. (SInv)
You are a herbivore.
You cover ground extremely quickly.
You need consume almost no food.


Message History

* * * LOW HITPOINT WARNING * * *
You feel sick.
You take 1 damage, and have 4/21 hp.
It was a potion of brilliance.
You feel clever all of a sudden.
It was a potion of agility.
You feel agile all of a sudden.
* * * LOW HITPOINT WARNING * * *
You feel sick.
You take 1 damage, and have 3/21 hp.
* * * LOW HITPOINT WARNING * * *
You feel sick.
You take 1 damage, and have 2/21 hp.
Wield which item (- for none, * to show all)? (? for menu, Esc to quit)
Okay, then.
Okay, then.
* * * LOW HITPOINT WARNING * * *
You feel sick.
You take 1 damage, and have 1/21 hp.
You die...

##### ##...## ##.....## ####
#......># ...# ##########
#.<.....#
##)######.......@###...)...#
##.##.#.#.......#).)......##
#...##.#.......#.####.....##
..)...........#.## #.......#
.............#.## #.......#
............#.## #.......#
...........#.## #......##
.#.#..#...#.## ##.#...##
#...######.#.. #..#####


There were no monsters in sight!

Vanquished Creatures
  4 adders
  2 worms
  4 dart slugs
  3 orcs (D:3)
  4 bats
  2 giant cockroaches (D:3)
  7 goblins
  5 hobgoblins
  4 kobolds
  A quokka (D:2)
  8 frilled lizards
  8 rats
52 creatures vanquished.

Notes
Turn   | Place    | Note
-------+----------+-------------------------------------------
     0 | D:1      | loljkpro the Spriggan Enchanter began the quest for the Orb.
     0 | D:1      | Reached XP level 1. HP: 9/9 MP: 5/5
    85 | D:1      | Reached skill level 3 in Spellcasting
   415 | D:1      | Reached XP level 2. HP: 9/13 MP: 4/7
   443 | D:1      | Learned a level 2 spell: Ensorcelled Hibernation
   733 | D:2      | Reached skill level 4 in Spellcasting
  1530 | D:1      | Reached XP level 3. HP: 16/16 MP: 7/10
  1609 | D:2      | Learned a level 3 spell: Confuse
  1654 | D:2      | Reached skill level 5 in Spellcasting
  2265 | D:2      | Reached XP level 4. HP: 21/21 MP: 9/12
  2470 | D:3      | Noticed Setanta's ghost (amateur DgFi)
  3625 | D:3      | HP: 1/21 [poisoned by Setanta's ghost]
  3629 | D:3      | Succumbed to Setanta's ghost's poison

Skill      XL: |  1  2  3  4 |
---------------+-------------+-----
Spellcasting   | 3 4 5 |  5.1
Hexes          | 4 |  4.0
Short Blades   | 2 |  2.2
Dodging        | |  3.0
Stealth        | |  4.4

Action                   |  1- 3 |  4- 6 || total
-------------------------+-------+-------++-------
Melee: Dagger            |   100 |    75 ||   175
 Cast: Corona            |     1 |       ||     1
       Ensorcelled Hiber |    12 |     8 ||    20
       Confuse           |       |     4 ||     4
  Use: Potion            |       |     2 ||     2
 Stab: Sleeping          |    16 |     4 ||    20
       Distracted        |     1 |       ||     1
       Confused          |       |     1 ||     1
Armor: Robe              |     5 |     6 ||    11
Dodge: Dodged            |    68 |    54 ||   122
